 Dungeon Crawl Stone Soup version 0.31.0-11-ge490571c62 (webtiles) character file.

Game seed: 8318999414246762221

52 qw the Shooter (level 3, -3/20 HPs)
             Began as a Deep Elf Hunter on Feb 4, 2024.
             Slain by a hound (5 damage)
             ... on level 2 of the Dungeon.
             The game lasted 00:00:04 (1152 turns).

qw the Shooter (Deep Elf Hunter)                    Turns: 1152, Time: 00:00:04

Health: -3/20      AC:  3    Str: 10    XL:     3   Next: 60%
Magic:  5/5        EV: 12    Int: 13    God:
Gold:   62         SH:  0    Dex: 18    Spells: 2/2 levels left

rFire   . . .        a - +0 shortbow
rCold   . . .        (shield currently unavailable)
rNeg    . . .        c - +0 leather armour
rPois   .            (no helmet)
rElec   .            (no cloak)
rCorr   .            (no gloves)
SInv    .            (no boots)
Will    .....        (no amulet)
Stlth   ++           (no ring)
HPRegen 0.23/turn    (no ring)
MPRegen 0.09/turn

%: no passive effects
@: no status effects
A: no striking features
a: no special abilities


You were on level 2 of the Dungeon.
You visited 1 branch of the dungeon, and saw 2 of its levels.

You collected 62 gold pieces.


   Skills:
 - Level 1.5 Fighting
 + Level 7.1 Ranged Weapons
 - Level 2.4 Dodging
 - Level 1.2 Stealth


You had 2 spell levels left.
You didn't know any spells.
Your spell library was empty.

Inventory:

Hand Weapons
 a - a +0 shortbow (weapon)
Armour
 c - a +0 leather armour (worn)
Scrolls
 b - a scroll of immolation {unknown}
 d - 3 scrolls of identify

Dungeon Overview and Level Annotations

Branches:
Dungeon (2/15)

Altars:

Shops:
D:1 =


Message History

You shoot an arrow. The arrow closely misses the hound.
The arrow hits the kobold but does no damage.
An adder comes into view.
The hound bites you.
You shoot an arrow. The adder hisses angrily.
The arrow hits the hound.
The hound is heavily wounded.
The hound closely misses you. The hound barely misses you.
You shoot an arrow. The arrow closely misses the hound.
The hound bites you but does no damage. The kobold barely misses you.
You shoot an arrow. The arrow closely misses the hound.
The arrow hits the adder.
The adder is heavily wounded.
The hound completely misses you. The hound bites you.
The kobold barely misses you.
You shoot an arrow. The arrow barely misses the hound.
The hound misses you. The kobold hits you but does no damage.
You shoot an arrow.
The arrow hits the hound but does no damage.
The hound is heavily wounded.
The hound closely misses you. The hound bites you.
The kobold hits you but does no damage.
You shoot an arrow. The arrow closely misses the hound.
The hound closely misses you. The kobold closely misses you.
You shoot an arrow. The arrow closely misses the hound.
The hound closely misses you. The hound bites you but does no damage.
The kobold barely misses you.
You shoot an arrow. The arrow misses the hound.
The hound closely misses you. The kobold completely misses you.
The hound closely misses you.
You shoot an arrow. The arrow barely misses the hound.
The hound bites you.
The kobold hits you with a +0 short sword.
The hound bites you.
You shoot an arrow. The arrow hits the hound.
The hound is severely wounded.
The kobold hits you with a +0 short sword.
The hound bites you.
You die...

##..#.....#.#.#
#.#
#..#..#..#.#.#
#.#
#..#..#..#.#.#
#.#
#..#..#..#.#.#
#.#
........##.#.#
..#
#.#.%..#......#
###
.......#.#..#.#
###.......#..#.#
......#.@..#.#
##...%##Kh...#
#... .S..#+# #..
#...... #..
#.......
#.........
#.........
#.........


You could see a hound, an adder and a kobold.

Vanquished Creatures
  3 dart slugs
  2 ribbon worms (D:2)
  5 ball pythons
  4 bats
  5 endoplasms
  A giant cockroach (D:2)
  6 goblins
  2 hobgoblins
  4 jackals (D:2)
  A frilled lizard (D:1)
  5 rats
38 creatures vanquished.

Notes
Turn   | Place    | Note
-------+----------+-------------------------------------------
     0 | D:1      | qw the Deep Elf Hunter began the quest for the Orb.
     0 | D:1      | Reached XP level 1. HP: 12/12 MP: 3/3
     0 | D:1      | 0 ||| qw: Version: 0.3-a-160-g6735b56
     0 | D:1      | 0 ||| qw: Game counter: 5537
     0 | D:1      | 0 ||| qw: Melee chars always use a shield: true
     0 | D:1      | 0 ||| qw: God list: Okawaru
     0 | D:1      | 0 ||| qw: Allow faded altars: false
     0 | D:1      | 0 ||| qw: Do Orc after clearing Dungeon:15 true
     0 | D:1      | 0 ||| qw: Do second Lair branch before Depths: true
     0 | D:1      | 0 ||| qw: Lair rune preference: random
     0 | D:1      | 0 ||| qw: Goals: Normal
     0 | D:1      | 0 ||| PLANNING D:1-11
   306 | D:1      | Reached XP level 2. HP: 16/16 MP: 4/4
   312 | D:1      | Reached skill level 6 in Ranged Weapons
   336 | D:1      | Found Wouti's Jewellery Shop.
   343 | D:1      | 343 ||| SHOPLISTING +4 ring of slaying (1014 gold, have
                  | 26).
   343 | D:1      | 343 ||| SHOPLISTING amulet of faith (520 gold, have 26).
   343 | D:1      | 343 ||| SHOPLISTING ring of fire (325 gold, have 26).
   343 | D:1      | 343 ||| SHOPLISTING ring of poison resistance (260 gold,
                  | have 26).
   343 | D:1      | 343 ||| SHOPLISTING ring of positive energy (260 gold, have
                  | 26).
   343 | D:1      | 343 ||| SHOPLISTING ring of protection from cold (325 gold,
                  | have 26).
   824 | D:1      | 824 ||| READING 3 scrolls labelled XIT AJUFANG.
   825 | D:1      | 825 ||| DROPPING scroll of butterflies.
   850 | D:2      | 850 ||| STAIRDANCE
   974 | D:2      | Reached XP level 3. HP: 20/20 MP: 5/5
  1030 | D:2      | Reached skill level 7 in Ranged Weapons
  1037 | D:2      | HP: 2/20 [ribbon worm (8)]
  1151 | D:2      | HP: 5/20 [hound (1)]
  1152 | D:2      | HP: 2/20 [kobold/+0 short sword (3)]
  1152 | D:2      | Slain by a hound

Levels and vault maps discovered:
D:1:      noname_arrival_rooms_in_the_neighbourhood, layout_loops_corners,
          serial_shops, shop_statue, hangedman_feature_mirror, chequers_garden
D:2:      layout_basic

Skill      XL: |  1  2  3 |
---------------+----------+-----
Ranged Weapons | 6 7 |  7.1
Fighting       | |  1.5
Dodging        | |  2.4
Stealth        | |  1.2

Action                     || total
---------------------------++-------
   Fire: Shortbow          ||   117
    Use: Scroll            ||     1
 Armour: Leather armour    ||    31
  Dodge: Dodged            ||    33

Table legend:
 A = Non-vault XP
 B = Vault XP
 C = Vault XP percentage of total XP
 D = Non-vault monster count
 E = Vault monster count
 F = Vault count percentage of total count
                 A         B        C        D         E       F
            +---------+---------+-------+---------+---------+-------
      Total |      75 |       0 |   0.0 |      38 |       0 |   0.0
            +---------+---------+-------+---------+---------+-------
        D:1 |      29 |       0 |   0.0 |      17 |       0 |   0.0
        D:2 |      46 |       0 |   0.0 |      21 |       0 |   0.0
            +---------+---------+-------+---------+---------+-------
